 Dungeon Crawl Stone Soup version 0.23-a0-767-gdc19b93d68 (webtiles) character file.

80 LLavrengius the Changer (level 4, 0/28 HPs)
             Began as an Octopode Transmuter on Jan 27, 2019.
             Slain by a hobgoblin
             ... wielding a +0 club
             ... led by Robin
              (4 damage)
             ... on level 2 of the Dungeon.
             The game lasted 00:05:36 (2038 turns).

LLavrengius the Changer (Octopode Transmuter)       Turns: 2038, Time: 00:05:37

Health: 0/28       AC:  2    Str:  9    XL:     4   Next: 39%
Magic:  4/7        EV: 19    Int: 16    God:
Gold:   44         SH:  0    Dex: 17    Spells: 1/7 levels left

rFire    . . .     SeeInvis .     - Unarmed
rCold    . . .     Gourm    .   (shield currently unavailable)
rNeg     . . .     Faith    .   (helmet currently unavailable)
rPois    x         Spirit   .   (no amulet)
rElec    .         Reflect  .   (no ring)
rCorr    .         Harm     .   (no ring)
MR       .....                  (no ring)
Stlth    ++........             (no ring)
HPRegen  0.09/turn              (no ring)
MPRegen  0.10/turn              (no ring)
                                (no ring)
                                (no ring)

@: spider-form (expiring)
A: tiny, almost no armour, stealthy swim, (amphibious), 8 rings, (constrict 8)
a: End Transformation


You were on level 2 of the Dungeon.
You were hungry.
You were a venomous arachnid creature.
You visited 1 branch of the dungeon, and saw 2 of its levels.

You collected 44 gold pieces.

Inventory:

Hand Weapons
 b - a +0 spear
 j - a +0 hunting sling
Missiles
 a - 39 arrows
 h - 8 poisoned javelins (quivered)
 k - 12 stones
Wands
 i - a wand of paralysis (9)
Scrolls
 e - 2 scrolls of identify {unknown}
 f - 3 scrolls of teleportation {unknown}
Potions
 g - a potion of berserk rage {unknown}
Comestibles
 c - 5 rations


   Skills:
 - Level 1.0 Fighting
 - Level 2.0 Dodging
 - Level 3.0 Unarmed Combat
 - Level 2.0 Spellcasting
 + Level 4.5 Transmutations


You had one spell level left.
You knew the following spells:

 Your Spells              Type           Power        Failure   Level  Hunger
a - Beastly Appendage     Tmut           ###...       11%         1    #......
b - Sticks to Snakes      Tmut           ###.....     14%         2    ###....
c - Spider Form           Tmut/Pois      #.........   45%         3    ###....

Your spell library contained the following spells:

 Spells                   Type           Power        Failure   Level  Hunger
 Ice Form                 Ice/Tmut       #.......     82%         4    #####..
 Blade Hands              Tmut           ###.......   83%         5    ######.


Dungeon Overview and Level Annotations

Branches:
Dungeon (2/15)

Altars:

Annotations:
D:2 Robin


Innate Abilities, Weirdness & Mutations

You cannot wear most types of armour.
You are very stealthy in the water. (Stealth+)
((You are amphibious.))
You can wear up to eight rings at the same time.
((You can use your tentacles to constrict eight enemies at once.))
((Your skin changes colour to match your surroundings (Stealth+).))
((Your rubbery body absorbs attacks. (AC +1, EV +1)))


Message History

The hobgoblin barely misses you.
The hobgoblin shouts!
Casting: Beastly Appendage (safe; 3% risk of failure)
Confirm with . or Enter, or press ? or * to list all spells.
You turn into a venomous arachnid creature.
You lose your grip on Robin.
You lose your grip on the hobgoblin.
Robin throws the goblin at you! The goblin closely misses you.
You closely miss the goblin. The hobgoblin completely misses you.
Robin hits you with a +0 whip. The goblin hits you with a +0 spear!
* * * LOW HITPOINT WARNING * * *
Unknown command.
You completely miss the goblin.
Your transformation is almost over.
Robin completely misses you. The hobgoblin closely misses you.
The goblin barely misses you.
Unknown command.
You hit the goblin.
The goblin is poisoned.
The goblin is severely wounded.
Robin completely misses you. The hobgoblin hits you with a +0 club.
You die...

#........#....
###......(....
.#
##..######..#.
.# .## #..##
#.g.. ... ..#
###.## #....
... #.# #...#
####g..# ..
#.# #.###
##.....##
#.##.#####.#
#..###.#
#.†)..##sg.#
##g## #.#
#).###..ggg###
#g.# #.# #
#.#..## #.##
#.# ##....##
#.# #.#
#...#..## #.#
.# #.#.....##
#..#
...###.#(.#
#..## #####
#..#.###>#
##....#..#


You could see Robin, 2 hobgoblins and a goblin.

Vanquished Creatures
  An adder (D:2)
  A worm (D:2)
  5 dart slugs
  A ball python (D:1)
  5 giant cockroaches
  16 goblins
  8 hobgoblins
  6 bats
  2 frilled lizards
  4 kobolds
  3 rats
52 creatures vanquished.

Notes
Turn   | Place    | Note
-------+----------+-------------------------------------------
     0 | D:1      | LLavrengius the Octopode Transmuter began the quest for the
                  | Orb.
     0 | D:1      | Reached XP level 1. HP: 13/13 MP: 3/3
   127 | D:1      | Reached XP level 2. HP: 11/18 MP: 5/5
   131 | D:1      | Learned a level 2 spell: Sticks to Snakes
   360 | D:1      | Reached skill level 3 in Transmutations
   771 | D:1      | Reached XP level 3. HP: 17/23 MP: 6/6
  1364 | D:2      | Reached skill level 4 in Transmutations
  1611 | D:2      | Noticed Robin
  1643 | D:2      | Reached XP level 4. HP: 19/28 MP: 7/7
  1671 | D:2      | Learned a level 3 spell: Spider Form
  2038 | D:2      | Slain by a hobgoblin

Vault maps used:
D:1:      dpeg_arrival_houses_and_road
D:2:      first_ration, chequers_ecumenical_altar_island, uniq_robin

Skill      XL: |  1  2  3 |
---------------+----------+-----
Transmutations | 3 4 |  4.5
Fighting       | |  1.0
Dodging        | |  2.0
Unarmed Combat | |  3.0
Spellcasting   | |  2.0

Action                   |  1- 3 |  4- 6 || total
-------------------------+-------+-------++-------
Melee: Unarmed           |    99 |    31 ||   130
       Constrict         |    27 |     7 ||    34
       Tentacles         |    17 |     1 ||    18
       Kick              |       |     1 ||     1
 Cast: Beastly Appendage |       |     2 ||     2
       Spider Form       |       |     1 ||     1
 Stab: Sleeping          |     9 |       ||     9
  Eat: Chunk             |     2 |     1 ||     3
Armor: Skin              |     9 |       ||     9
Dodge: Dodged            |    61 |    20 ||    81

Table legend:
 A = Non-vault XP
 B = Vault XP
 C = Vault XP percentage of total XP
 D = Non-vault monster count
 E = Vault monster count
 F = Vault count percentage of total count
                 A         B        C        D         E       F
            +---------+---------+-------+---------+---------+-------
      Total |     103 |      12 |  10.4 |      45 |       7 |  13.5
            +---------+---------+-------+---------+---------+-------
        D:1 |      58 |       0 |   0.0 |      30 |       0 |   0.0
        D:2 |      45 |      12 |  21.1 |      15 |       7 |  31.8
            +---------+---------+-------+---------+---------+-------
